AoeStats
← CaukyMnauky

Black Forest

514419260Analyzed
4v4 RM · 19h ago on Oct 17, 2026· 65m 41s· 8 players
Game mode
Random Map
Map size
Large (8 player)
Population
200
Speed
Normal
Resources
Standard
Victory
Conquest
Starting age
Dark Age
Ending age
Imperial Age
RankedLock teamsTeams togetherTeam positionsShared explorationLock speedFull tech treeHidden civsTurbo modeCheats
Victory
Defeat
🇧🇪 Goths · Belgium
905
+15
🇦🇷 Byzantines · Argentina
902
+16
🇺🇸 Spanish · United States
877
+17
🇭🇰 Huns · Hong Kong SAR China
871
+43
vs
🇨🇿 Japanese · Czechia
905
-17
🇩🇪 Danes · Germany
891
-16
🇧🇪 Portuguese · Belgium
884
-16
🇹🇷 Goths · Türkiye
884
-16
Moglash
0:33 Loom
12:29 Feudal Age
13:05 Double-Bit Axe
20:25 Castle Age
18:55 Stone Mining
21:36 Pikeman
32:20 Wheelbarrow
31:53 Horse Collar
36:23 Imperial Age
33:55 Gold Mining
34:13 Scale Mail Armor
35:13 Forging
37:30 Conscription
36:43 Halberdier
38:25 Arquebus
38:58 Elite Organ Gun
40:25 Bow Saw
40:50 Ballistics
41:31 Chemistry
42:25 Iron Casting
42:05 Chain Mail Armor
41:55 Padded Archer Armor
42:40 Siege Engineers
46:08 Blast Furnace
45:38 Plate Mail Armor
47:38 Leather Archer Armor
Kael
1:10 Loom
13:37 Feudal Age
17:02 Double-Bit Axe
20:35 Castle Age
18:32 Horse Collar
18:44 Gold Mining
18:45 Stone Mining
21:35 Wheelbarrow
25:43 Fletching
25:54 Padded Archer Armor
27:30 Bow Saw
29:23 Caravan
31:02 Heavy Plow
32:20 Hand Cart
36:05 Imperial Age
34:10 Bow Saw
34:06 Squires
33:28 Pikeman
34:20 Forging
34:11 Scale Mail Armor
34:38 Bodkin Arrow
34:59 Leather Archer Armor
36:36 Iron Casting
36:17 Chain Mail Armor
36:10 Elite Huskarl
37:12 Conscription
38:14 Two-Man Saw
37:56 Crop Rotation
38:30 Chemistry
37:56 Anarchy
39:21 Blast Furnace
38:28 Bracer
39:20 Ring Archer Armor
39:11 Halberdier
40:41 Ballistics
40:32 Masonry
40:18 Murder Holes
40:29 Elite Skirmisher
42:13 Perfusion
45:00 Architecture
44:11 Treadmill Crane
44:38 Scale Barding Armor
49:18 Stone Shaft Mining
51:46 Crossbowman
57:52 Chain Barding Armor
57:59 Light Cavalry
59:03 Bloodlines
michelsenmax.98
0:41 Loom
12:18 Feudal Age
12:53 Double-Bit Axe
15:45 Wheelbarrow
16:27 Fishing Lines
17:37 Gold Mining
17:46 Stone Mining
23:41 Castle Age
25:19 Hand Cart
24:50 Town Watch
25:45 Stone Shaft Mining
25:49 Gold Shaft Mining
25:08 Gillnets
25:22 Caravan
25:47 Bow Saw
28:11 Horse Collar
30:54 Fletching
32:25 Bodkin Arrow
32:02 Hamask
35:32 Imperial Age
33:17 Murder Holes
33:32 Masonry
33:28 Scale Mail Armor
33:39 Forging
33:53 Heavy Plow
34:19 Chain Mail Armor
34:09 Gambesons
34:23 Arson
34:42 Squires
36:10 Ballistics
35:44 Elite Jomsviking
36:53 Conscription
37:28 Plate Mail Armor
39:41 Bracer
40:16 Iron Casting
39:43 Padded Archer Armor
39:39 Elite Skirmisher
40:56 Thumb Ring
40:11 Crossbowman
41:50 Hoardings
43:29 Blast Furnace
42:35 Scale Barding Armor
43:43 Bloodlines
43:34 Husbandry
42:55 Light Cavalry
CaukyMnauky
9:57 Feudal Age
10:29 Double-Bit Axe
12:18 Fishing Lines
16:50 Wheelbarrow
22:47 Castle Age
20:32 Loom
20:33 Town Watch
21:53 Stone Mining
21:53 Gold Mining
23:48 Bow Saw
24:47 Gillnets
26:36 Hand Cart
26:39 Town Patrol
26:35 Fletching
26:46 Padded Archer Armor
27:41 Gold Shaft Mining
27:16 Caravan
27:37 Horse Collar
29:59 Coinage
35:32 Imperial Age
33:00 Bodkin Arrow
33:20 Leather Archer Armor
33:19 Masonry
33:30 Ballistics
32:51 Treadmill Crane
33:22 Fortified Wall
33:02 Guard Tower
33:09 Murder Holes
36:21 Yasama
37:40 Chemistry
36:46 Siege Engineers
37:17 Keep
36:27 Arrowslits
37:16 Ring Archer Armor
36:46 Bracer
38:03 Hoardings
37:48 Conscription
37:51 Kataparuto
40:53 Parthian Tactics
39:49 Heavy Cavalry Archer
40:35 Thumb Ring
46:47 Banking
50:48 Two-Man Saw
49:50 Heavy Plow
55:03 Elite Skirmisher
Phil Mccrack
0:28 Loom
12:58 Feudal Age
13:26 Double-Bit Axe
13:56 Horse Collar
21:35 Castle Age
23:48 Wheelbarrow
24:36 Wheelbarrow
26:04 Bow Saw
26:09 Heavy Plow
29:25 Hand Cart
29:13 Gold Mining
29:13 Stone Mining
34:22 Imperial Age
33:19 Stone Shaft Mining
34:54 Town Watch
36:34 Chemistry
35:55 Ballistics
34:58 Elite Conquistador
37:10 Two-Man Saw
37:09 Caravan
37:22 Guilds
38:08 Fletching
38:18 Padded Archer Armor
39:35 Conscription
39:30 Bodkin Arrow
39:50 Leather Archer Armor
39:47 Forging
39:42 Scale Barding Armor
40:13 Thumb Ring
41:49 Bloodlines
41:39 Husbandry
41:54 Redemption
42:02 Fervor
42:23 Illumination
42:14 Block Printing
42:22 Sanctity
42:15 Gambesons
42:30 Squires
41:59 Cavalier
43:51 Bombard Tower
43:41 Fortified Wall
43:26 Murder Holes
44:44 Theocracy
43:46 Paladin
43:46 Light Cavalry
45:27 Bracer
45:57 Ring Archer Armor
46:02 Iron Casting
45:47 Chain Barding Armor
46:51 Inquisition
47:12 Supremacy
47:06 Inquisition
48:06 Hussar
50:44 Capped Ram
53:57 Blast Furnace
53:32 Plate Barding Armor
52:27 Siege Ram
61:53 Scale Mail Armor
ozcelik.huseyin
13:46 Feudal Age
15:17 Feudal Age
16:39 Double-Bit Axe
16:39 Horse Collar
19:16 Castle Age
21:43 Heavy Plow
21:58 Bow Saw
26:07 Wheelbarrow
27:48 Hand Cart
28:58 Stone Mining
28:59 Gold Mining
33:07 Imperial Age
32:04 Anarchy
33:00 Town Watch
33:01 Loom
32:47 Man-at-Arms
33:50 Forging
33:41 Scale Mail Armor
34:35 Perfusion
36:00 Chemistry
34:44 Long Swordsman
34:45 Pikeman
35:26 Squires
35:48 Chain Mail Armor
36:10 Iron Casting
37:29 Two-Man Saw
37:03 Crop Rotation
36:36 Town Patrol
36:27 Elite Huskarl
39:04 Stone Shaft Mining
38:06 Halberdier
38:07 Two-Handed Swordsman
40:29 Blast Furnace
53:12 Coinage
52:43 Caravan
54:51 Banking
Abhyasin
8:34 Loom
11:51 Feudal Age
16:18 Wheelbarrow
18:47 Castle Age
17:35 Horse Collar
18:39 Double-Bit Axe
20:19 Bow Saw
23:14 Stone Mining
26:24 Hand Cart
28:21 Heavy Plow
32:17 Imperial Age
30:07 Scale Mail Armor
30:18 Forging
29:58 Fletching
29:47 Pikeman
30:30 Squires
30:26 Elite Skirmisher
31:13 Thumb Ring
31:13 Padded Archer Armor
31:11 Gambesons
34:20 Two-Man Saw
33:59 Iron Casting
33:39 Chain Mail Armor
33:20 Bodkin Arrow
33:40 Leather Archer Armor
34:11 Gold Mining
34:56 Stone Shaft Mining
34:56 Crop Rotation
35:01 Ballistics
35:46 Chemistry
36:33 Gold Shaft Mining
37:27 Fishing Lines
38:27 Ring Archer Armor
37:57 Bracer
38:28 Plate Mail Armor
38:05 Caravan
37:59 Halberdier
42:12 Scale Barding Armor
42:05 Treadmill Crane
42:21 Arrowslits
42:34 Murder Holes
43:45 Guilds
46:11 Elite Cataphract
48:04 Conscription
54:17 Conscription
55:06 Logistica
58:09 Chain Barding Armor
60:03 Plate Barding Armor
63:29 Arson
63:57 Fortified Wall
63:38 Guard Tower
64:08 Bombard Tower
63:54 Devotion
64:14 Sanctity
64:20 Illumination
63:56 Atonement
64:06 Redemption
64:07 Fervor
64:13 Block Printing
65:31 Hoardings
64:59 Greek Fire
65:09 Greek Fire
66:37 Keep
65:27 Crossbowman
USB
0:28 Loom
11:26 Feudal Age
12:17 Double-Bit Axe
13:06 Arson
16:04 Wheelbarrow
18:28 Horse Collar
22:10 Castle Age
20:19 Gold Mining
20:31 Stone Mining
20:44 Town Watch
21:37 Scale Barding Armor
22:19 Crossbowman
23:09 Thumb Ring
26:15 Bow Saw
27:01 Heavy Plow
27:26 Husbandry
27:39 Forging
26:56 Pikeman
29:12 Padded Archer Armor
29:55 Fletching
30:47 Hand Cart
30:52 Elite Skirmisher
34:03 Leather Archer Armor
35:28 Gold Shaft Mining
36:22 Bodkin Arrow
39:32 Imperial Age
37:25 Squires
38:02 Masonry
37:48 Murder Holes
37:18 Light Cavalry
38:09 Bloodlines
37:45 Man-at-Arms
40:11 Town Patrol
39:39 Hussar
39:40 Cavalier
41:00 Coinage
40:59 Conscription
40:05 Capped Ram
41:23 Bracer
41:59 Iron Casting
41:53 Chain Barding Armor
41:39 Scale Mail Armor
43:41 Chemistry
43:01 Ballistics
42:15 Siege Ram
42:45 Halberdier
45:34 Blast Furnace
45:10 Plate Barding Armor
44:51 Chain Mail Armor
45:32 Paladin
46:52 Banking
47:55 Guilds
49:13 Caravan
51:13 Two-Man Saw
51:20 Long Swordsman
63:07 Siege Ram
63:27 Two-Handed Swordsman
Connection lost

Rejoining the realm…

Still unreachable

The connection could not be restored.

Session expired

The server has moved on; the page needs a fresh start.